Map: Bel'Shir Vestige LE (Void)

Players

Dolan - Winner!

  • Race: Terran Terran
  • Spawn Location: 5:00

mLty

  • Race: Terran Terran
  • Spawn Location: 11:00

Event: WCS Austin 2017

VOD

Have the link to the VOD?

Description

Time

  • Played on: April 28, 2017, 1:29 p.m.
  • Length: 4:26

All games in this series

Show
View Real Time Build Order
Export as new Build Order

Dolan Terran - Winner!

Build Orders:  

Get SALT Encoding   

  12  0:00  SCV  
  13  0:12  SCV  
  14  0:17  Supply Depot  
  14  0:25  SCV  
  14  0:27  Refinery  
  15  0:38  SCV  
  16  0:44  Barracks  
  16  0:50  SCV  
  16  0:54  Refinery  
  17  1:02  SCV  
  18  1:15  SCV  
  19  1:31  Reaper, Orbital Command  
  20  1:37  Factory  
  20  1:49  Supply Depot  
  20  1:57  SCV  
  21  2:03  Reaper  
  22  2:09  SCV  
  23  2:21  SCV  
  24  2:33  Starport, Hellion  
  24  2:35  Reaper, SCV  
  28  2:38  Supply Depot  
  28  2:47  SCV  
  29  2:54  Hellion  
  31  3:01  SCV  
  31  3:02  Supply Depot  
  32  3:08  Reaper  
  32  3:09  Medivac  
  35  3:14  SCV  
  35  3:18  Hellion  
  38  3:26  SCV  
  39  3:38  SCV  
  39  3:39  Command Center  
  40  3:45  Factory Tech Lab, Barracks Reactor, Starport Tech Lab  
  40  3:50  SCV  
  40  4:02  SCV  
Show
View Real Time Build Order
Export as new Build Order

mLty Terran 

Build Orders: Cyclone Opening 

Get SALT Encoding   

  12  0:01  SCV  
  13  0:13  SCV  
  14  0:17  Supply Depot  
  14  0:25  SCV  
  14  0:27  Refinery  
  15  0:39  SCV  
  16  0:44  Barracks  
  16  0:51  SCV  
  17  0:59  Refinery  
  17  1:03  SCV  
  18  1:15  SCV  
  19  1:31  Orbital Command  
  19  1:32  Reaper  
  20  1:36  Factory  
  20  1:46  Supply Depot  
  20  1:56  SCV  
  21  2:06  Reaper  
  22  2:15  SCV  
  23  2:27  SCV  
  24  2:31  Starport, Cyclone  
  26  2:38  Reaper  
  26  2:39  SCV  
  28  2:49  Supply Depot  
  28  2:50  Supply Depot  
  28  2:52  SCV  
  29  3:09  Viking  
  29  3:10  Cyclone  
  34  3:14  Barracks Tech Lab  
  34  3:19  SCV  
  35  3:31  SCV  
  36  3:38  Command Center  
  36  3:46  SCV  
  33  4:07  SCV  
  34  4:10  Barracks Reactor  
  34  4:11  Factory Tech Lab  
Tags
 
Add a new tag
Caveats
  • Supply blocks, unpowered buildings, or Contaminate may cause inaccurate times.
  • Supply counts are checked every 10 seconds.